 Dungeon Crawl Stone Soup version 0.20-a0-32-gb8e7c72 (webtiles) character file.

100 sveltemanboy the Poker (level 4, -2/33 HPs)
             Began as a Demonspawn Gladiator on Nov 8, 2016.
             Slain by a gnoll
             ... wielding a +0 halberd
              (11 damage)
             ... on level 2 of the Dungeon.
             The game lasted 00:03:31 (1862 turns).

sveltemanboy the Poker (Demonspawn Gladiator)       Turns: 1862, Time: 00:03:32

Health: -2/33      AC:  6    Str: 16 (17) XL:     4   Next: 46%
Magic:  4/4        EV: 11    Int:  8 (9)  God:
Gold:   117        SH:  0    Dex: 12 (13) Spells: 0 memorised, 3 levels left

rFire  + . .     SeeInvis .     a - +0 trident
rCold  . . .     Gourm    .     j - +0 ring mail
rNeg   . . .     Faith    .     (no shield)
rPois  .         Spirit   .     c - +0 helmet
rElec  .         Reflect  .     (no cloak)
rCorr  .         Harm     .     (no gloves)
MR     .....                    (no boots)
Stlth  ++........               (no amulet)
                                (no ring)
                                (no ring)

@: no status effects
A: fire resistance 1, nightstalker 1
a: no special abilities


You were on level 2 of the Dungeon.
You were not hungry.

You visited 1 branch of the dungeon, and saw 2 of its levels.

You collected 117 gold pieces.

Inventory:

Hand Weapons
 a - a +0 trident (weapon)
Missiles
 d - 3 throwing nets (quivered)
Armour
 c - a +0 helmet (worn)
 g - a +0 shield
 j - a +0 ring mail (worn)
Scrolls
 e - a scroll of remove curse {unknown}
Potions
 i - a potion of degeneration
Comestibles
 f - 3 bread rations
 h - a slice of pizza
 k - a beef jerky
 l - 3 fruits


   Skills:
 - Level 2.0 Fighting
 * Level 3.9 Polearms
 - Level 1.7 Throwing
 + Level 2.0 Armour
 - Level 2.6 Dodging
 + Level 1.1 Shields


You had 3 spell levels left.
You didn't know any spells.

Dungeon Overview and Level Annotations

Branches:
Dungeon (2/15)

Altars:


Innate Abilities, Weirdness & Mutations

Your flesh is heat resistant. (rF+)
You are slightly more attuned to the shadows.


Message History

The gnoll is severely wounded.
A gnoll is nearby!
Your ring mail prevents you from hitting the gnoll.
The gnoll is severely wounded.
The gnoll hits you but does no damage.
You hit the gnoll.
The gnoll is severely wounded.
The gnoll hits you from afar with a halberd!
The gnoll hits you with a club.
* * * LOW HITPOINT WARNING * * *
You are too injured to fight recklessly!
Okay, then.
You barely miss the gnoll.
The gnoll is severely wounded.
The gnoll hits you but does no damage. x2
You hit the gnoll.
You kill the gnoll!
You feel your intelligence returning.
The gnoll hits you from afar with a halberd!
You die...

#.....##### #..g#
#.###.# ####g# #.#
#.)..# #.# #.####
######.# #.# #......#
#g# #.###### #.#
#.###################.#
#.........@)g.........#
#.#####################
###


You could see a gnoll.

Vanquished Creatures
  3 gnolls (D:2)
  2 adders (D:2)
  An ooze (D:2)
  A worm (D:2)
  A dart slug (D:1)
  A leopard gecko (D:1)
  3 bats (D:1)
  3 giant cockroaches (D:1)
  5 goblins
  4 hobgoblins
  6 jackals (D:1)
  3 kobolds (D:1)
  8 frilled lizards
  4 rats
45 creatures vanquished.

Notes
Turn   | Place    | Note
-------+----------+-------------------------------------------
     0 | D:1      | sveltemanboy the Demonspawn Gladiator began the quest for the Orb.
     0 | D:1      | Reached XP level 1. HP: 16/16 MP: 1/1
   126 | D:1      | Reached skill level 3 in Polearms
   126 | D:1      | Reached skill level 1 in Armour
   126 | D:1      | Gained mutation: You are slightly more attuned to the shadows. [demonic ancestry]
   126 | D:1      | Reached XP level 2. HP: 19/22 MP: 2/2
   620 | D:1      | Reached XP level 3. HP: 25/27 MP: 3/3
  1620 | D:2      | Gained mutation: Your flesh is heat resistant. (rF+) [demonic ancestry]
  1620 | D:2      | Reached XP level 4. HP: 25/33 MP: 4/4
  1826 | D:2      | Reached skill level 1 in Shields
  1862 | D:2      | Slain by a gnoll

Vault maps used:
D:1:      lemuel_arrival_room
D:2:      kennysheep_goblin_castle, lemuel_doored_altar

Skill      XL: |  1  2  3  4 |
---------------+-------------+-----
Polearms       | 3 |  3.9
Armour         | 1 2 |  2.0
Shields        | 1 |  1.1
Fighting       | |  2.0
Throwing       | |  1.7
Dodging        | |  2.6

Action                   |  1- 3 |  4- 6 || total
-------------------------+-------+-------++-------
Melee: Trident           |   136 |    30 ||   166
Throw: Throwing net      |     3 |       ||     3
  Use: Potion            |     4 |       ||     4
 Stab: Sleeping          |     3 |       ||     3
       Distracted        |     1 |       ||     1
  Eat: Chunk             |     2 |     1 ||     3
Armor: Leather armour    |    19 |       ||    19
       Ring mail         |    19 |     7 ||    26
       Skin              |     4 |       ||     4
Dodge: Dodged            |    55 |    12 ||    67
